 Dungeon Crawl Stone Soup version 0.26-a0-720-g2a1d101370 (webtiles) character file.

Game seed: 15844546338438339087

60 Decritt the Covered (level 4, -5/29 HPs)
             Began as a Gargoyle Fighter on Nov 2, 2020.
             Slain by an orc warrior
             ... wielding a +0 halberd
              (14 damage)
             ... on level 3 of the Dungeon.
             The game lasted 00:06:44 (1608 turns).

Decritt the Covered (Gargoyle Fighter)              Turns: 1608, Time: 00:06:44

Health: -5/29      AC: 11    Str: 21    XL:     4   Next: 4%
Magic:  4/4        EV:  7    Int:  8    God:
Gold:   97         SH: 14    Dex:  9    Spells: 3/3 levels left

rFire    . . .     SeeInvis .   j - +0 whip
rCold    . . .     Faith    .   c - +0 kite shield
rNeg     + . .     Spirit   .   b - +0 scale mail
rPois    ∞         Reflect  +   (no helmet)
rElec    +         Harm     .   (no cloak)
rCorr    .         Rampage  .   n - +0 pair of gloves
MR       .....                  (no boots)
Stlth    ..........             l - amulet of reflection
HPRegen  0.09/turn              (no ring)
MPRegen  0.09/turn              (no ring)

@: no status effects
A: negative energy resistance 1, electricity resistance, unbreathing,
petrification resistance, rot immunity, AC +3
a: no special abilities


You were on level 3 of the Dungeon.
You visited 1 branch of the dungeon, and saw 3 of its levels.

You collected 97 gold pieces.

Inventory:

Hand Weapons
 a - a +0 flail
 j - a +0 whip (weapon)
Missiles
 e - 21 poisoned darts (quivered)
Armour
 b - a +0 scale mail (worn)
 c - a +0 kite shield (worn)
 n - a +0 pair of gloves (worn)
Jewellery
 l - an amulet of reflection (around neck)
Scrolls
 g - a scroll of random uselessness {unknown}
 h - 2 scrolls of identify {unknown}
 m - a scroll of remove curse {unknown}
 o - a scroll of fear {unknown}
 p - a scroll of amnesia {unknown}
Potions
 d - a potion of might
 f - a potion of stabbing {unknown}
 i - 3 potions of brilliance {unknown}
 k - a potion of haste {unknown}


   Skills:
 + Level 3.7 Fighting
 * Level 3.0 Maces & Flails
 + Level 3.9 Armour
 + Level 3.7 Shields


You had 3 spell levels left.
You didn't know any spells.
Your spell library was empty.

Dungeon Overview and Level Annotations

Branches:
Dungeon (3/15)

Altars:
Dithmenos
Wu Jian
Yredelemnul


Innate Abilities, Weirdness & Mutations

You are resistant to torment.
Your stone body is resilient. (AC +3)
You are immune to poison.
You resist negative energy. (rN+)
You are resistant to electric shocks. (rElec)
You can survive without breathing.
You are immune to petrification.
You are immune to rotting.


Message History

You block the orc warrior's attack.
You closely miss the orc.
The orc is heavily wounded.
You block the orc's attack.
The orc warrior hits you but does no damage.
The orc closely misses you. You block the orc's attack.
You hit the orc.
You kill the orc!
You have reached level 4!
You feel stronger. The orc hits you but does no damage.
The orc warrior hits you but does no damage.
You whack the orc!
You kill the orc!
You throw a poisoned dart.
The poisoned dart closely misses the orc warrior.
The orc warrior hits you from afar with a +0 halberd!
* * * LOW HITPOINT WARNING * * *
The orc warrior hits you from afar with a +0 halberd!
You die...

## # #. #. #.
#(.##. #..(..
#...o)###.#
#....)@...#
....#........#
# ###...##.#
...... ##.....
.##### .. ##


You could see an orc warrior.

Vanquished Creatures
  2 adders (D:2)
  A worm (D:2)
  4 orcs (D:3)
  2 giant cockroaches
  7 goblins
  5 hobgoblins (D:1)
  A kobold (D:1)
  7 bats
  A frilled lizard (D:1)
  2 rats (D:1)
32 creatures vanquished.

Notes
Turn   | Place    | Note
-------+----------+-------------------------------------------
     0 | D:1      | Decritt the Gargoyle Fighter began the quest for the Orb.
     0 | D:1      | Reached XP level 1. HP: 14/14 MP: 1/1
   282 | D:1      | Reached XP level 2. HP: 18/19 MP: 2/2
   990 | D:2      | Reached XP level 3. HP: 21/23 MP: 3/3
  1460 | D:2      | Found a shadowy altar of Dithmenos.
  1557 | D:2      | Found a basalt altar of Yredelemnul.
  1570 | D:2      | Found an ornate altar of the Wu Jian Council.
  1592 | D:3      | Noticed an orc warrior
  1605 | D:3      | Reached XP level 4. HP: 21/29 MP: 4/4
  1608 | D:3      | Slain by an orc warrior

Illustrated notes

Levels and vault maps discovered:
D:1:      minmay_arrival_glassed_features, layout_basic, chequers_hall_statues_y
D:2:      layout_rooms, minmay_overflow_temple_star_quad
D:3:      layout_basic, minmay_quadrilaterals, uniq_ijyb, uniq_jessica

Skill      XL: |  1  2  3 |
---------------+----------+-----
Maces & Flails | 3 |  3.0
Fighting       | |  3.7
Armour         | |  3.9
Shields        | |  3.7

Action                   |  1- 3 |  4- 6 || total
-------------------------+-------+-------++-------
Melee: Flail             |    50 |       ||    50
       Whip              |    35 |     1 ||    36
Throw: Dart              |    76 |     1 ||    77
Armor: Scale mail        |    51 |     2 ||    53
Dodge: Dodged            |    27 |       ||    27
Block: Kite shield       |    57 |       ||    57
       Reflection        |     3 |       ||     3

Table legend: (Time is in decaauts)
 A = Elapsed time spent in this place.
 B = Non-inter-level travel time spent in this place.
 C = Inter-level travel time spent in this place.
 D = Time resting spent in this place.
 E = Time spent auto-exploring this place.
 F = Levels seen in this place.
 G = Mean time per level.
                   A        B        C        D        E       F      G
               +--------+--------+--------+--------+--------+-----+--------+
         Total |   1635 |   1620 |     15 |      0 |   1321 |   3 |  545.0 |
       Dungeon |   1635 |   1620 |     15 |      0 |   1321 |   3 |  545.0 |
               +--------+--------+--------+--------+--------+-----+--------+

Top non-repeatable levels by time:
     D:1: 990 daAuts
     D:2: 625 daAuts
     D:3: 18 daAuts
